 Dungeon Crawl Stone Soup version 0.31-a0-986-g5e6e4ef867 (webtiles) character file.

Game seed: 14838008797460166185

90 Maratek the Poker (level 4, -6/33 HPs)
             Began as a Demonspawn Gladiator on Nov 3, 2023.
             Mangled by an orc
             ... wielding a +0 flail
              (7 damage)
             ... on level 4 of the Dungeon.
             The game lasted 00:01:30 (1422 turns).

Maratek the Poker (Demonspawn Gladiator)            Turns: 1422, Time: 00:01:31

Health: -6/33      AC:  4    Str: 16    XL:     4   Next: 32%
Magic:  4/4        EV: 12    Int: 10    God:
Gold:   46         SH:  0    Dex: 14    Spells: 3/3 levels left

rFire   . . .        a - +0 trident
rCold   . . .        (no shield)
rNeg    . . .        b - +0 leather armour
rPois   .            c - +0 helmet
rElec   .            (no cloak)
rCorr   .            (no gloves)
SInv    .            (no boots)
Will    .....        (no amulet)
Stlth   +            (no ring)
HPRegen 0.25/turn    (no ring)
MPRegen 0.09/turn

%: no passive effects
@: no status effects
A: hooves 1
a: no special abilities


You were on level 4 of the Dungeon.
You visited 1 branch of the dungeon, and saw 4 of its levels.

You collected 46 gold pieces.

Inventory:

Hand Weapons
 a - a +0 trident (weapon)
Missiles
 d - 4 throwing nets (quivered)
 e - a javelin
Armour
 b - a +0 leather armour (worn)
 c - a +0 helmet (worn)
Scrolls
 j - a scroll of poison
Potions
 g - a potion of brilliance {unknown}
 h - 2 potions of lignification {unknown}
 i - a potion of attraction {unknown}
 k - a potion of mutation {unknown}
 l - a potion of curing {unknown}


   Skills:
 + Level 2.2 Fighting
 + Level 3.8 Polearms
 + Level 2.0 Throwing
 + Level 0.8 Armour
 + Level 3.2 Dodging
 + Level 0.4 Stealth


You had 3 spell levels left.
You didn't know any spells.
Your spell library contained the following spells:

 Spells                   Type           Power      Damage    Failure   Level
 Summon Small Mammal      Summ           0%         N/A       43%         1
 Call Canine Familiar     Summ           0%         N/A       80%         3
 Summon Guardian Golem    Hex/Summ       0%         N/A       80%         3


Dungeon Overview and Level Annotations

Branches:
Dungeon (3/15)

Altars:
Xom


Innate Abilities, Weirdness & Mutations

You have large cloven feet.


Message History

The iguana is almost dead.
The orc barely misses you. x2
The iguana bites you but does no damage.
You hit the iguana.
The iguana is almost dead.
The orc barely misses you. x2; The iguana misses you.
You hit the iguana but do no damage. You kick the iguana, but do no damage.
The iguana is almost dead.
The orc hits you but does no damage. The orc closely misses you.
The iguana barely misses you.
You barely miss the iguana. You kick the iguana, but do no damage.
The iguana is almost dead.
The orc hits you but does no damage. The orc closely misses you.
The iguana closely misses you. The orc hits you with a +0 whip.
You completely miss the iguana.
The iguana is almost dead.
The orc misses you.
The iguana bites you but does no damage.
A hound comes into view.
The orc hits you with a +0 flail. The iguana bites you.
The hound barks!
You hit the iguana but do no damage. You kick the iguana.
You kill the iguana!
You hear a shout!
The orc hits you with a +0 whip. The orc hits you with a +0 flail!
You have reached level 4!
You feel clever.
You hit the orc but do no damage. You kick the orc.
The orc is moderately wounded.
The orc hits you but does no damage. The orc hits you with a +0 flail.
* * * LOW HITPOINT WARNING * * *
You barely miss the orc. Your kick misses the orc.
The orc is moderately wounded.
The orc barely misses you. x2
You barely miss the orc.
The orc is moderately wounded.
The orc hits you with a +0 whip.
* * * LOW HITPOINT WARNING * * *
The orc hits you with a +0 flail!
You die...

.## # .# ..#
.# .. #.# #..
##.##.. ..#
.....# .#l#
#.#.##.#.#
#o..h...#
oo....##o##.#
..o.. #.@†#
.... #.o....#
..o ######.#
.. # .


You could see a hound and 2 orcs.

Vanquished Creatures
  An iguana (D:4)
  2 worms (D:2)
  3 dart slugs
  An orc (D:4)
  4 ball pythons
  5 endoplasms
  2 giant cockroaches (D:1)
  4 goblins
  3 hobgoblins (D:2)
  7 jackals
  3 quokkas
  4 bats
  6 frilled lizards
  A kobold (D:1)
  2 rats (D:1)
48 creatures vanquished.

Notes
Turn   | Place    | Note
-------+----------+-------------------------------------------
     0 | D:1      | Maratek the Demonspawn Gladiator began the quest for the
                  | Orb.
     0 | D:1      | Reached XP level 1. HP: 16/16 MP: 1/1
    90 | D:1      | Gained mutation: You have large cloven feet. [demonic
                  | ancestry]
    90 | D:1      | Reached XP level 2. HP: 21/22 MP: 2/2
   477 | D:2      | Reached XP level 3. HP: 24/27 MP: 3/3
   964 | D:2      | Found a shimmering altar of Xom.
  1402 | D:3      | You fall into a shaft and drop 1 floor!
  1420 | D:4      | Reached XP level 4. HP: 11/33 MP: 4/4
  1422 | D:4      | HP: 1/33 [orc/+0 whip (6)]
  1422 | D:4      | Mangled by an orc

Illustrated notes

Levels and vault maps discovered:
D:1:      dpeg_arrival_tiny_k, layout_rooms
D:2:      layout_basic, basic_altar, kennysheep_generic_room_12
D:3:      layout_loops_ring, nicolae_hepliaklqana_ecumenical_no_more,
          cheibrodos_worm_habitat, serial_bayou_crossing, uniq_sigmund,
          uniq_grinder
D:4:      layout_basic, nicolae_letterblocks [nicolae_letter_subblock,
          nicolae_letter_subblock, nicolae_letter_subblock,
          nicolae_letter_subblock, nicolae_letter_subblock,
          nicolae_letter_subblock, nicolae_letter_subblock,
          nicolae_letter_subblock, nicolae_letter_subblock,
          nicolae_letter_subblock, nicolae_letter_subblock,
          nicolae_letter_subblock, nicolae_letter_subblock,
          nicolae_letter_subblock, nicolae_letter_subblock,
          nicolae_letter_subblock, nicolae_letter_subblock,
          nicolae_letter_subblock, nicolae_letter_subblock,
          nicolae_letter_subblock, nicolae_letter_subblock,
          nicolae_letter_subblock, nicolae_letter_subblock,
          nicolae_letter_subblock, nicolae_letter_subblock], uniq_pargi

Skill      XL: |  1  2 |
---------------+-------+-----
Polearms       | 3 |  3.8
Throwing       | 2 |  2.0
Dodging        | 3 |  3.2
Fighting       | |  2.2
Armour         | |  0.8
Stealth        | |  0.4

Action                     |  1- 3 |  4- 6 || total
---------------------------+-------+-------++-------
  Melee: Trident           |   150 |     3 ||   153
         Kick              |    26 |     1 ||    27
         Punch             |     1 |       ||     1
    Use: Scroll            |     2 |       ||     2
   Stab: Sleeping          |     2 |       ||     2
 Armour: Leather armour    |   102 |     4 ||   106
  Dodge: Dodged            |   129 |     2 ||   131

Table legend: (Time is in decaauts)
 A = Elapsed time spent in this place.
 B = Non-inter-level travel time spent in this place.
 C = Inter-level travel time spent in this place.
 D = Time resting spent in this place.
 E = Time spent auto-exploring this place.
 F = Levels seen in this place.
 G = Mean time per level.
                   A        B        C        D        E       F      G
               +--------+--------+--------+--------+--------+-----+--------+
         Total |   1442 |   1393 |     49 |      0 |   1090 |   4 |  360.5 |
       Dungeon |   1442 |   1393 |     49 |      0 |   1090 |   4 |  360.5 |
               +--------+--------+--------+--------+--------+-----+--------+

Top non-repeatable levels by time:
     D:2: 939 daAuts
     D:1: 473 daAuts
     D:4: 21 daAuts
     D:3: 7 daAuts
